 Dungeon Crawl Stone Soup version 0.25.0-9-g26727b6 (webtiles) character file.

Game seed: 2136095861845933999

246 ratboy the Poker (level 6, -1/49 HPs)
             Began as a Merfolk Gladiator on June 19, 2020.
             Was a Plaything of Xom.
             Slain by an orc wizard
             ... wielding a +0 dagger
              (2 damage)
             ... on level 3 of the Dungeon.
             The game lasted 00:09:48 (2710 turns).

ratboy the Poker (Merfolk Gladiator)                Turns: 2710, Time: 00:09:49

Health: -1/49      AC:  6    Str: 14    XL:     6   Next: 11%
Magic:  6/6        EV: 16    Int: 10    God:    Xom [......]
Gold:   216        SH:  0    Dex: 15    Spells: 5/5 levels left

rFire    . . .     SeeInvis .   z - +0 halberd
rCold    . . .     Gourm    .   (shield currently unavailable)
rNeg     . . .     Faith    .   y - +1 robe {MR+}
rPois    .         Spirit   .   c - +0 helmet
rElec    .         Reflect  .   (no cloak)
rCorr    .         Harm     .   (no gloves)
MR       +....                  (no boots)
Stlth    +.........             (no amulet)
HPRegen  0.16/turn              (no ring)
MPRegen  0.10/turn              (no ring)

@: no status effects
A: change form in water, swift swim, stealthy swim, yellow scales 1
a: Renounce Religion


You were on level 3 of the Dungeon.
You worshipped Xom.
You were a very special plaything of Xom.
You were not hungry.

You visited 1 branch of the dungeon, and saw 4 of its levels.

You collected 216 gold pieces.

Inventory:

Hand Weapons
 a - a +0 trident
 z - a +0 halberd (weapon)
Missiles
 d - 3 throwing nets
 i - 5 curare-tipped darts (quivered)
 j - 228 stones
 k - 35 poisoned darts
 r - 4 boomerangs
Armour
 c - a +0 helmet (worn)
 y - a +1 robe of magic resistance (worn)
Magical Staves
 m - an uncursed staff of fire {unknown}
Jewellery
 x - an uncursed amulet of magic regeneration {unknown}
Scrolls
 e - a scroll of enchant armour {unknown}
 g - 5 scrolls of teleportation {unknown}
 h - 2 scrolls of fear {unknown}
 l - 4 scrolls of identify {unknown}
 s - a scroll of remove curse {unknown}
 v - 3 scrolls of fog {unknown}
 w - 2 scrolls of enchant weapon {unknown}
 A - a scroll of immolation {unknown}
Potions
 n - a potion of heal wounds {unknown}
 o - a potion of degeneration {unknown}
 p - a potion of might {unknown}
 q - a potion of magic {unknown}
 t - a potion of lignification {unknown}
 u - 2 potions of brilliance {unknown}
Comestibles
 f - 5 rations


   Skills:
 + Level 4.3 Fighting
 + Level 6.5 Polearms
 - Level 2.0 Throwing
 + Level 6.0 Dodging


You had 5 spell levels left.
You didn't know any spells.
Your spell library was empty.

Dungeon Overview and Level Annotations

Branches:
Dungeon (4/15)
 Temple: D:4-7

Altars:
Ashenzari
Nemelex Xobeh
Ru
Sif Muna
Uskayaw
Xom
Zin


Innate Abilities, Weirdness & Mutations

You revert to your normal form in water.
You are very nimble and swift while swimming.
You are very stealthy in the water. (Stealth+)
You are partially covered in yellow scales. (AC +2)


Message History

* * * LOW HITPOINT WARNING * * *
Evoke which item? (* to show all) (? for menu, Esc to quit)
Okay, then.
Unknown command.
Throwing (i - inventory. (/) - cycle)
i - 7 curare-tipped darts (quivered)
Press: ? - help, Shift-Dir - straight line You throw a curare-tipped dart.
The curare-tipped dart hits the orc.
The orc is poisoned.
The orc convulses.
The orc seems to slow down.
The orc is almost dead.
You kill the orc!
Throwing (i - inventory. (/) - cycle)
i - 6 curare-tipped darts (quivered)
Press: ? - help, Shift-Dir - straight line You throw a curare-tipped dart.
You hear some strange, mumbled words.
A puff of frost appears from out of thin air!
The puff of frost hits you!
* * * LOW HITPOINT WARNING * * *
Something hits you.
You die... "Huh?
Did I miss anything?"

### ######## ##..
##......# ##...
#######.# #....
###8####.# #....
#8...8##.# #....
##.....##.# #...[
#_....._#.#######....
##.m...##_......._>..
#8){.8#########..#..
##.....## #...###
#8.....8#######..._..
##.....##........####
#8...8#####.....#
###>### #.##.## ##
##### #.##.# #.
#######..### ###.##.#
#.


There were no monsters in sight!

Vanquished Creatures
  A hound (D:4)
  Jessica (D:2)
  An orc wizard (D:4)
  5 adders
  3 gnolls (D:4)
  2 oozes
  A worm (D:2)
  2 dart slugs
  8 orcs
  A ball python (D:2)
  10 bats
  4 giant cockroaches
  6 goblins
  7 hobgoblins
  6 jackals
  A quokka (D:3)
  A frilled lizard (D:1)
  8 kobolds
  4 rats
72 creatures vanquished.

Notes
Turn   | Place    | Note
-------+----------+-------------------------------------------
     0 | D:1      | ratboy the Merfolk Gladiator began the quest for the Orb.
     0 | D:1      | Reached XP level 1. HP: 16/16 MP: 1/1
   140 | D:1      | Reached XP level 2. HP: 23/23 MP: 2/2
   302 | D:1      | Reached XP level 3. HP: 25/28 MP: 3/3
   303 | D:1      | Reached skill level 5 in Polearms
   955 | D:2      | Found a hide-covered altar of Uskayaw.
  1076 | D:2      | Reached XP level 4. HP: 35/35 MP: 4/4
  1245 | D:2      | Noticed Jessica
  1251 | D:2      | Killed Jessica
  1251 | D:2      | Reached skill level 5 in Dodging
  1422 | D:2      | Found a shattered altar of Ashenzari.
  1422 | D:2      | Found a faded altar of an unknown god.
  1428 | D:2      | Found a sacrificial altar of Ru.
  1432 | D:2      | Found a glowing silver altar of Zin.
  1434 | D:2      | Found a shimmering altar of Xom.
  1445 | D:2      | Became a worshipper of Xom of Fickle Intent
  1446 | D:2      | oh god
  1461 | D:2      | XOM: silly message
  1517 | D:3      | XOM: silly message
  1766 | D:3      | Reached XP level 5. HP: 37/42 MP: 5/5
  1856 | D:3      | XOM: 2-stop teleportation journey
  1906 | D:3      | XOM: scenery: create altars
  1914 | D:3      | XOM: god gift: robe {god gift}
  2116 | D:4      | XOM: noise
  2372 | D:4      | XOM: give mutation
  2372 | D:4      | Gained mutation: You are partially covered in yellow
                  | scales. (AC +2) [Xom's grace]
  2408 | D:4      | XOM: repel stairs
  2431 | D:4      | Reached XP level 6. HP: 48/48 MP: 6/6
  2547 | D:3      | Found a sparkling altar of Nemelex Xobeh.
  2547 | D:3      | Found a shimmering blue altar of Sif Muna.
  2710 | D:3      | HP: 1/49 [something/puff of frost (9)]
  2710 | D:3      | Slain by an orc wizard

Illustrated notes

.)..# ##..#.# ..#
#..)#.# ..## ##.#...#
...# ##..##..# ...##
#..###..# ....# ##.##
#..# ..#.# #####..# #..#
8.#.# #.....#####..#
..#.# #.##### #m#..##
#.#.#####.# ##.##..#
..........# ##...##.#
..#.###..## #..#..#.#
.....>....# #.###.#.##
.##.###...#####.###.#..#
###.# #.....##..._#.##.#
#.###.....#_....#..'.# #
#.........##..._#.####


Turn 1446 on D:2: oh god

Levels and vault maps discovered:
D:1:      sevenhm_arrival_forest_fort_large_2, layout_rooms, dk_noncrumbling_4
D:2:      layout_rooms, eat_drink_and_be_merry_uskayaw,
          chequers_temple_overflow_minitemple, uniq_jessica
D:3:      layout_rooms, nicolae_overflow_hidden_temple
D:4:      layout_basic, minmay_tree_intersection,
          chequers_serial_rivers_small_3, hangedman_abyss_or_decor_slice

Skill      XL: |  1  2  3  4  5  6 |
---------------+-------------------+-----
Polearms       | 5 6 |  6.5
Fighting       | 3 4 |  4.3
Dodging        | 5 6 |  6.0
Throwing       | |  2.0

Action                   |  1- 3 |  4- 6 || total
-------------------------+-------+-------++-------
Melee: Trident           |   128 |   101 ||   229
       Halberd           |       |    46 ||    46
Throw: Stone             |     6 |     3 ||     9
       Dart              |       |     2 ||     2
 Stab: Sleeping          |     1 |     1 ||     2
  Eat: Chunk             |     1 |     5 ||     6
Armor: Leather armour    |    35 |    22 ||    57
       Robe              |       |    19 ||    19
Dodge: Dodged            |   124 |   121 ||   245
